 Dungeon Crawl Stone Soup version 0.27.0 (webtiles) character file.

Game seed: 11368005491175535693

2346 tilp the Prestidigitator (level 9, -11/69 HPs)
             Began as a Formicid Delver on July 31, 2021.
             Was a Follower of Uskayaw.
             Mangled by an orc warrior (16 damage)
             ... on level 6 of the Dungeon.
             The game lasted 00:10:06 (8792 turns).

tilp the Prestidigitator (Formicid Delver)          Turns: 8792, Time: 00:10:07

Health: -11/69     AC:  9    Str: 20    XL:     9   Next: 71%
Magic:  13/13      EV:  8    Int: 10    God:    Uskayaw [*.....]
Gold:   308        SH:  0    Dex: 12    Spells: 8/8 levels left

rFire    . . .     SeeInvis +   a - +5 broad axe (flame)
rCold    . . .     Faith    .   (no shield)
rNeg     . . .     Spirit   .   j - +1 chain mail
rPois    .         Reflect  .   (helmet unavailable)
rElec    .         Harm     .   (no cloak)
rCorr    .         Rampage  .   (no gloves)
Will     .....                  (no boots)
Stlth    ..........             (no amulet)
HPRegen  0.21/turn              (no ring)
MPRegen  0.13/turn              (no ring)

@: no status effects
A: permanent stasis, dig shafts and tunnels, antennae 3, four strong arms
a: Dig, Shaft Self, Renounce Religion, Stomp


You were on level 6 of the Dungeon.
You worshipped Uskayaw.
Uskayaw was noncommittal.
You visited 2 branches of the dungeon, and saw 7 of its levels.

You collected 308 gold pieces.

Inventory:

Hand Weapons
 a - a +5 broad axe of flaming (weapon)
 b - a +1 hand axe
 d - a +1 great mace of protection
 t - a +4 hunting sling
Missiles
 u - 4 javelins
Armour
 j - a +1 chain mail (worn)
Wands
 f - a wand of digging (3)
 l - a wand of polymorph (10)
 q - a wand of flame (26)
Scrolls
 c - 2 scrolls of fog
 e - 3 scrolls of fear
 i - 2 scrolls of magic mapping
 k - a scroll of torment
 o - a scroll of enchant weapon
 s - a scroll of enchant armour
Potions
 g - 2 potions of curing
 h - 3 potions of flight
 m - 2 potions of attraction
 n - a potion of cancellation
 r - a potion of heal wounds


   Skills:
 - Level 6.0 Fighting
 + Level 7.3 Axes
 - Level 2.0 Dodging
 - Level 6.0 Stealth
 - Level 6.0 Invocations
 - Level 8.0 Evocations


You had 8 spell levels left.
You didn't know any spells.
Your spell library contained the following spells:

 Spells                   Type           Power      Damage    Failure   Level
 Animate Skeleton         Necr           0%         N/A       99%         1
 Corona                   Hex            0%         N/A       99%         1
 Pain                     Necr           0%         1d4       99%         1
 Ensorcelled Hibernation  Hex/Ice        0%         N/A       100%        2
 Tukima's Dance           Hex            0%         N/A       100%        3
 Vampiric Draining        Necr           0%         2d6       100%        3
 Manifold Assault         Tloc           0%         N/A       100%        5
 Storm Form               Tmut/Air       0%         N/A       100%        7
 Blink                    Tloc           Unusable   N/A       N/A         2

Dungeon Overview and Level Annotations

Branches:
Dungeon (6/15)             Temple (1/1) D:5

Altars:
Ashenzari
Dithmenos
Fedhas
Gozag
Hepliaklqana
Kikubaaqudgha
Makhleb
Nemelex Xobeh
Okawaru
Qazlal
Sif Muna
Trog
Uskayaw
Vehumet
Wu Jian
The Shining One

Annotations:
D:2 Sigmund


Innate Abilities, Weirdness & Mutations

You cannot be hasted, slowed, berserked, paralysed or teleported.
You can dig through walls and to a lower floor.
You have a pair of large antennae on your head. (SInv)
Your four strong arms can wield two-handed weapons with a shield.


Message History

You are too injured to fight recklessly!
You are too injured to fight recklessly!
Unknown command.
You closely miss the orc warrior.
The orc warrior is lightly wounded.
The orc warrior barely misses you.
The orc wizard gestures wildly while chanting.
The orc wizard flickers and vanishes for a moment.
You hit the orc warrior. You burn the orc warrior.
The orc warrior is lightly wounded.
The orc warrior hits you with a +0 halberd!
You barely miss the orc warrior.
The orc warrior is lightly wounded.
The orc warrior hits you but does no damage.
You slash the orc warrior! You burn the orc warrior.
The orc warrior is severely wounded.
The orc warrior hits you with a +0 halberd!!
* * * LOW HITPOINT WARNING * * *
The orc warrior hits you with a +0 halberd!
* * * LOW HITPOINT WARNING * * *
Uskayaw will force your foes to helplessly watch your dance.
Uskayaw prepares the audience for your solo!
The orc warrior is no longer paralysed.
The orc wizard is no longer paralysed.
The orc is no longer paralysed.
You can no longer pass through a line of other dancers.
You closely miss the orc wizard.
The orc wizard mumbles some strange words.
The orc wizard flickers and vanishes for a moment.
The orc warrior barely misses you.
Are you sure you want to shaft yourself?
There are monsters nearby!
Unknown command.
Are you sure you want to shaft yourself?
The orc wizard hits you but does no damage.
The orc warrior hits you from afar with a +0 halberd.
* * * LOW HITPOINT WARNING * * *
You begin to dig a shaft.
You continue digging a shaft.
The orc wizard hits you but does no damage.
The orc warrior hits you from afar with a +0 halberd!
You die...

#.............####.###.
#.#.##.....{..##...# #.
#.#.##..#...#.##.### #.
###.#.##<.#...#.##.#####.
#.....##..#####.#....(...
#......#..# #.#..###...
#.........# #o#..# #.#.
#......#o## #.#..# #.##
#.....##@# #.#..###.#
###...##.# #.#...##.#
#....#o# #......#.#
##...#o######o!.....#.)
#.....o...........###.
#.#.####.........## ##
#.#.# #...######.###.
#.#.# ##### ##.#.. #.#.#
##.##


You could see an orc warrior, 2 orc wizards and an orc.

Vanquished Creatures
  Pikel (D:5)
  Grinder (D:3)
  4 yaks
  2 centaurs
  2 lemures (D:5)
  A phantom (D:6)
  2 scorpions (D:6)
  A water moccasin skeleton (D:6)
  A howler monkey (D:5)
  3 hounds
  An orc priest (D:6)
  A jelly (D:6)
  2 centaur skeletons
  Jessica (D:3)
  Ijyb (D:5)
  Terence (D:3)
  3 iguanas
  Natasha (thrice) (D:3)
  Robin (D:3)
  A howler monkey skeleton (D:4)
  2 howler monkey zombies (D:5)
  6 adders
  2 shadow imps (D:5)
  2 ufetubi (D:4)
  A worm (D:5)
  4 dart slugs
  7 orcs
  7 bats
  5 endoplasms
  14 goblins
  6 hobgoblins
  13 jackals
  2 quokkas
  5 ball pythons
  6 frilled lizards
  4 kobolds
  3 rats
122 creatures vanquished.

Notes
Turn   | Place    | Note
-------+----------+-------------------------------------------
     0 | D:5      | tilp the Formicid Delver began the quest for the Orb.
     0 | D:5      | Reached XP level 1. HP: 18/18 MP: 1/1
   219 | D:1      | Reached XP level 2. HP: 25/25 MP: 2/2
   661 | D:1      | Found a faded altar of an unknown god.
   908 | D:1      | Reached XP level 3. HP: 29/30 MP: 3/3
  1722 | D:2      | Reached XP level 4. HP: 34/37 MP: 4/4
  2236 | D:2      | Noticed Sigmund
  2709 | D:3      | Noticed Grinder
  2735 | D:3      | Killed Grinder
  2736 | D:3      | Reached skill level 5 in Axes
  2736 | D:3      | Reached XP level 5. HP: 23/43 MP: 5/5
  2736 | D:3      | Reached XP level 6. HP: 27/50 MP: 6/6
  3066 | D:3      | Reached skill level 5 in Fighting
  3132 | D:3      | Noticed Terence
  3147 | D:3      | Killed Terence
  3257 | D:3      | Noticed Natasha
  3277 | D:3      | Killed Natasha
  3370 | D:3      | Reached XP level 7. HP: 51/56 MP: 7/7
  3490 | D:3      | Noticed Jessica
  3498 | D:3      | Killed Jessica
  3722 | D:3      | Noticed Robin
  3961 | D:3      | Killed Robin
  4407 | D:3      | Noticed Natasha
  4419 | D:3      | Killed Natasha
  4671 | D:3      | Noticed Natasha
  4685 | D:3      | Killed Natasha
  5358 | D:4      | Reached skill level 1 in Evocations
  5477 | D:4      | Reached skill level 2 in Evocations
  5867 | D:4      | Reached skill level 3 in Evocations
  6616 | D:5      | Noticed Ijyb
  6633 | D:4      | Identified a scroll of acquirement
  6633 | D:4      | Acquired a +5 broad axe of flaming
  6649 | D:5      | Killed Ijyb
  6650 | D:5      | Reached XP level 8. HP: 62/64 MP: 8/8
  6680 | D:5      | Found a staircase to the Ecumenical Temple.
  6717 | Temple   | Entered the Ecumenical Temple
  6923 | Temple   | Became a worshipper of Uskayaw the Reveller
  6993 | D:5      | Reached * piety under Uskayaw
  7026 | D:5      | Reached skill level 4 in Evocations
  7123 | D:5      | Found a glowing golden altar of the Shining One.
  7124 | D:5      | Found a bloodstained altar of Trog.
  7154 | D:5      | Reached ** piety under Uskayaw
  7157 | D:5      | Reached *** piety under Uskayaw
  7233 | D:5      | Noticed Pikel
  7241 | D:5      | Killed Pikel
  7242 | D:5      | Reached skill level 7 in Evocations
  7760 | D:6      | Reached skill level 1 in Invocations
  7760 | D:6      | Reached XP level 9. HP: 46/69 MP: 8/10
  7895 | D:6      | Reached skill level 8 in Evocations
  7902 | D:6      | Reached **** piety under Uskayaw
  7924 | D:5      | Reached skill level 5 in Invocations
  8792 | D:6      | Mangled by an orc warrior

Illustrated notes

Levels and vault maps discovered:
D:1:      psy_arrival_fountain, layout_basic,
          dilly_ecumenical_altar_fadedgnrine, minmay_unequal
D:2:      layout_loops_cross, uniq_sigmund
D:3:      layout_basic, roderic_roman_lattice, uniq_robin, uniq_terence,
          uniq_jessica, uniq_natasha, uniq_grinder
D:4:      layout_gridville, nrook_campfire, corexii_shack
D:5:      layout_rooms, jmf_multi_god_temple,
          minmay_temple_entry_drinking_statues, minmay_misc_feat_room,
          minmay_tree_intersection, roderic_lattice_a, mrwooster_statue_mirror,
          minivault_19, uniq_ijyb, uniq_pikel
D:6:      layout_loops_ring, hex_tiny
Temple:   eino_temple_water

Skill      XL: |  1  2  3  4  5  6  7  8  9 |
---------------+----------------------------+-----
Dodging        | 2 |  2.0
Fighting       | 4 5 6 |  6.0
Axes           | 3 5 6 7 |  7.3
Evocations     | 3 7 8 |  8.0
Invocations    | 1 6 |  6.0
Stealth        | |  6.0

Action                   |  1- 3 |  4- 6 |  7- 9 || total
-------------------------+-------+-------+-------++-------
Melee: Hand axe          |   107 |   145 |   139 ||   391
       Broad axe         |       |       |   106 ||   106
 Abil: Shaft Self        |       |       |     1 ||     1
  Use: Scroll            |     4 |     3 |     9 ||    16
       Potion            |       |     2 |       ||     2
 Stab: Sleeping          |     2 |       |       ||     2
       Paralysed         |       |       |     2 ||     2
Armor: Leather armour    |    12 |       |       ||    12
       Scale mail        |    33 |       |       ||    33
       Chain mail        |    17 |    62 |   155 ||   234
Dodge: Dodged            |    53 |    63 |   103 ||   219
